 Dungeon Crawl Stone Soup version 0.18.1-6-gd335043 (webtiles) character file.

217 Mefis the Magician (level 5, -1/28 HPs)
             Began as a Deep Elf Wizard on May 20, 2016.
             Shot with an arrow by a centaur (14 damage)
             ... on level 5 of the Dungeon.
             The game lasted 00:10:46 (5231 turns).

Mefis the Magician (Deep Elf Wizard)                Turns: 5231, Time: 00:10:47

Health: -1/28      AC:  2    Str:  4    XL:     5   Next: 62%
Magic:  3/14       EV: 13    Int: 24    God:
Gold:   240        SH:  0    Dex: 13    Spells: 6 memorised, 1 level left

rFire  . . .     SeeInvis .     f - +0 dagger
rCold  . . .     Gourm    .     a - +0 robe
rNeg   . . .     Faith    .     (no shield)
rPois  .         Spirit   .     b - +0 hat
rElec  .         Dismiss  .     (no cloak)
rCorr  .         Reflect  .     (no gloves)
SustAt .         Harm     .     (no boots)
MR     .....                    (no amulet)
Stlth  ++........               (no ring)
                                (no ring)

@: very slightly contaminated, not resistant to hostile enchantments, unstealthy
A: no striking features
a: no special abilities


You were on level 5 of the Dungeon.
You were hungry.

You visited 1 branch of the dungeon, and saw 4 of its levels.

You collected 240 gold pieces.

Inventory:

Hand Weapons
 f - a +0 dagger (weapon)
Armour
 a - a +0 robe (worn)
 b - a +0 hat (worn)
 g - a +0 buckler
Jewellery
 s - an uncursed ring of protection from magic {unknown}
Wands
 p - a wand of teleportation (4/9)
Scrolls
 h - 2 scrolls of teleportation {unknown}
 k - a scroll of fog {unknown}
 l - 6 scrolls of identify {unknown}
 m - 2 scrolls of noise {unknown}
 n - 2 scrolls of amnesia {unknown}
 q - a scroll of remove curse {unknown}
Potions
 e - 5 potions of curing {unknown}
 i - a potion of agility {unknown}
 j - 2 potions of might {unknown}
 r - a potion of resistance
 t - a potion of cure mutation {unknown}
 u - a potion of mutation {unknown}
Books
 c - a book of Minor Magic

   Spells                             Type                      Level
   a - Magic Dart                     Conjuration                  1
   b - Blink                          Translocation                2
   c - Call Imp                       Summoning                    2
   d - Repel Missiles                 Charms/Air                   2
   e - Slow                           Hexes                        2
   f - Conjure Flame                  Conjuration/Fire             3
   g - Mephitic Cloud                 Conjuration/Poison/Air       3
Comestibles
 d - 3 bread rations
 o - a royal jelly


   Skills:
 + Level 3.4 Dodging
 + Level 3.6 Stealth
 * Level 1.5 Shields
 + Level 5.1 Spellcasting
 * Level 2.9 Conjurations
 + Level 2.1 Summonings
 - Level 1.1 Translocations
 + Level 0.2 Fire Magic
 + Level 1.3 Poison Magic


You had one spell level left.
You knew the following spells:

 Your Spells              Type           Power        Failure   Level  Hunger
a - Magic Dart            Conj           ###.         2%          1    None
b - Call Imp              Summ           ###.....     8%          2    None
c - Blink                 Tloc           N/A          12%         2    None
d - Repel Missiles        Chrm/Air       #.....       14%         2    None
e - Mephitic Cloud        Conj/Pois/Air  ##......     17%         3    ##.....
f - Conjure Flame         Conj/Fire      ##......     17%         3    ##.....


Dungeon Overview and Level Annotations

Branches:
Dungeon (3/15)

Altars:

Annotations:
D:3 Grinder, Robin


Message History

The centaur unwields an uncursed shortbow.
The centaur hits itself.
A giant newt comes into view.
The centaur wonders, "What am I doing in here?"
You hear a distant blaring wail to the northwest.
The centaur says, "Why is everything spinning?"
The centaur mumbles something.
The centaur wields a shortbow.
The centaur shoots an arrow.
The arrow hits you.
There is a stone staircase leading down here.
You see here an arrow.
Casting: Mephitic Cloud
Confirm with . or Enter, or press ? or * to list all spells.
Aiming: Mephitic Cloud
Press: ? - help, Shift-Dir - straight line, f - centaur
Aim: a centaur, wielding a shortbow You miscast Mephitic Cloud.
You feel weak for a moment.
The centaur shoots an arrow.
The arrow hits you!
The centaur shoots an arrow.
The arrow hits you!
Ouch! That really hurt!
You die...

.. #.#.......##.## ##c
..#.#####...... ..
####. ####...... ##.
#.##.....###. #.# ###
#........# . .....#
.....##..###.
###c#.###.............
#..l......?...##...Y..
#@# #.... #..##.# #.#
#... .##..##.# # ###.#
#.. .........
#.#...###.# #######.#
#.......#.##### #.#
#(....?.#.....# #.#
#.......#.###.# #.#
#.....((.(..#.######.#
##......#.#..........#


You could see a centaur and a giant newt.

Vanquished Creatures
  A crimson imp (D:5)
  A hound skeleton (D:5)
  5 adders
  2 shadow imps (D:5)
  3 worms
  4 dart slugs
  A giant gecko (D:3)
  An orc (D:2)
  5 giant cockroaches
  13 goblins
  8 hobgoblins
  3 jackals (D:3)
  9 kobolds
  A quokka (D:2)
  3 ball pythons
  5 bats
  3 giant newts
  5 rats
73 creatures vanquished.

Vanquished Creatures (collateral kills)
  3 gnolls (D:5)
  An adder (D:5)
4 creatures vanquished.

Grand Total: 77 creatures vanquished

Notes
Turn   | Place    | Note
--------------------------------------------------------------
     0 | D:1      | Mefis the Deep Elf Wizard began the quest for the Orb.
     0 | D:1      | Reached XP level 1. HP: 10/10 MP: 7/7
   454 | D:1      | Reached XP level 2. HP: 15/15 MP: 2/9
   473 | D:1      | Learned a level 2 spell: Call Imp
   476 | D:1      | Learned a level 2 spell: Blink
   479 | D:1      | Learned a level 2 spell: Repel Missiles
  1120 | D:1      | Reached XP level 3. HP: 19/19 MP: 3/11
  1125 | D:1      | Learned a level 3 spell: Mephitic Cloud
  2059 | D:2      | Reached skill level 1 in Shields
  2741 | D:2      | Reached XP level 4. HP: 24/24 MP: 10/12
  3501 | D:3      | Reached skill level 1 in Poison Magic
  3959 | D:3      | Noticed Robin
  4259 | D:3      | Noticed Grinder
  4271 | D:3      | Paralysed by Grinder for 4 turns
  4315 | D:3      | You fall through a shaft for 2 floors!
  4315 | D:5      | Entered Level 5 of the Dungeon
  4581 | D:5      | Reached XP level 5. HP: 28/28 MP: 5/14
  4592 | D:5      | Learned a level 3 spell: Conjure Flame
  4759 | D:5      | Reached skill level 5 in Spellcasting
  5157 | D:5      | Noticed a sky beast
  5181 | D:5      | Noticed a centaur
  5181 | D:5      | Noticed a sky beast
  5217 | D:5      | Noticed a centaur
  5231 | D:5      | Shot with an arrow by a centaur

Skill      XL: |  1  2  3  4  5 |
---------------+----------------+-----
Conjurations   | 2 |  2.9
Stealth        | 3 |  3.6
Shields        | 1 |  1.5
Dodging        | 3 |  3.4
Poison Magic   | 1 |  1.3
Summonings     | 2 |  2.1
Spellcasting   | 5 |  5.1
Translocations | |  1.1
Fire Magic     | |  0.2

Action                   |  1- 3 |  4- 6 || total
-------------------------+-------+-------++-------
Melee: Unarmed           |     3 |       ||     3
       Dagger            |     5 |     8 ||    13
 Cast: Magic Dart        |   102 |   102 ||   204
       Repel Missiles    |     1 |       ||     1
       Call Imp          |       |    11 ||    11
       Mephitic Cloud    |       |     3 ||     3
 Stab: Sleeping          |     4 |     1 ||     5
  Eat: Chunk             |     5 |     3 ||     8
       Bread ration      |       |     1 ||     1
Armor: Robe              |     4 |     2 ||     6
Dodge: Dodged            |    22 |    33 ||    55
       Deflected         |     1 |     4 ||     5
